Map: Orbital Shipyard

Players

zelderan

  • Race: Zerg Zerg
  • League: Platinum

Gerwe - Winner!

  • Race: Terran Terran
  • League: Platinum

VOD

Have the link to the VOD?

Description

Time

  • Played on: Nov. 22, 2015, 7:34 p.m.
  • Length: 23:27
Show
View Real Time Build Order
Export as new Build Order

zelderan Zerg 

Build Orders: Hatch First 

Get SALT Encoding   

  12  0:00  Drone  
  13  0:12  Overlord  
  13  0:17  Drone  
  14  0:30  Drone x2  
  16  0:36  Drone  
  17  0:51  Hatchery  
  16  0:58  Drone x2  
  16  1:01  Extractor  
  17  1:15  Spawning Pool  
  17  1:18  Drone  
  17  1:21  Drone  
  18  1:29  Drone  
  19  1:42  Overlord  
  19  2:02  Queen  
  19  2:03  Zergling x4  
  19  2:05  Queen  
  19  2:06  Drone  
  26  2:13  Drone  
  27  2:16  Metabolic Boost  
  27  2:21  Drone  
  28  2:26  Drone  
  28  2:27  Drone  
  30  2:33  Drone  
  31  2:40  Queen  
  33  3:08  Zergling x2  
  33  3:09  Zergling x4  
  35  3:15  Hatchery  
  35  3:16  Overlord x2  
  34  3:35  Overlord  
  34  3:36  Drone x6  
  40  3:49  Overlord x3  
  40  4:07  Zergling x4  
  42  4:10  Lair, Roach Warren  
  42  4:12  Extractor  
  42  4:13  Overlord  
  42  4:14  Overlord  
  40  4:17  Drone  
  41  4:24  Drone x3  
  41  4:25  Drone  
  41  4:28  Extractor  
  44  4:37  Evolution Chamber, Drone x2  
  45  4:52  Roach x7  
  58  5:22  Roach x7  
  58  5:25  Zerg Missile Weapons Level 1  
  58  5:28  Drone x4  
  74  5:31  Drone  
  74  5:32  Drone  
  78  5:42  Ravager  
  78  5:43  Ravager  
  78  5:45  Spore Crawler  
  78  5:48  Spore Crawler  
  78  5:49  Spore Crawler  
  76  5:59  Ravager  
  77  6:08  Drone x4  
  81  6:15  Spore Crawler, Overlord x4  
  80  6:33  Queen  
  80  6:36  Roach x4  
  90  6:42  Drone x3, Hydralisk Den  
  92  6:58  Spore Crawler  
  91  7:01  Ravager x4  
  91  7:03  Roach x2  
  99  7:26  Hydralisk x3  
  105  7:31  Overlord  
  105  7:32  Overlord x3, Extractor  
  104  7:51  Hydralisk x3  
  104  7:52  Hydralisk x2  
  114  8:06  Drone  
  114  8:07  Drone x7  
  122  8:13  Hydralisk  
  124  8:20  Zerg Ground Armor Level 1  
  124  8:24  Extractor  
  123  8:27  Extractor  
  122  8:44  Roach x7  
  122  8:46  Glial Reconstitution  
  136  8:50  Hatchery, Drone x2  
  137  9:01  Overlord x4  
  137  9:16  Overlord x2  
  137  9:17  Overlord x4  
  137  9:20  Overseer  
  137  9:21  Overseer  
  137  9:29  Ravager x4  
  137  9:30  Ravager x3  
  144  9:33  Drone  
  144  9:34  Drone x4  
  149  9:55  Roach x7  
  163  10:02  Muscular Augments  
  163  10:03  Evolution Chamber  
  163  10:06  Burrow  
  162  10:07  Tunneling Claws  
  162  10:10  Drone x3  
  162  10:11  Drone  
  166  10:19  Overlord x2  
  166  10:26  Zerg Missile Weapons Level 2, Infestation Pit  
  166  10:28  Drone  
  166  10:49  Zerg Ground Armor Level 2  
  166  11:02  Drone x5  
  166  11:03  Drone x2  
  173  11:07  Extractor  
  172  11:14  Queen  
  172  11:15  Drone x4  
  178  11:19  Hive  
  178  11:24  Overseer  
  178  11:42  Spire  
  177  12:09  Hydralisk x4  
  177  12:10  Hydralisk x7  
  199  12:32  Extractor  
  198  13:01  Zerg Missile Weapons Level 3  
  198  13:04  Greater Spire  
  194  13:22  Zerg Ground Armor Level 3  
  163  13:50  Hatchery, Roach  
  163  13:51  Roach x26  
  163  13:52  Roach  
  172  14:18  Ravager x2  
  172  14:19  Ravager x6  
  172  14:21  Ravager x9  
  172  14:22  Ravager x4  
  193  14:28  Lurker Den  
  193  14:55  Extractor  
  192  15:00  Overseer  
  192  15:04  Extractor  
  192  15:06  Queen  
  145  16:11  Hydralisk x7  
  127  16:12  Roach x2  
  127  16:13  Roach x6  
  123  16:33  Roach x2  
  123  16:34  Roach x10  
  123  16:35  Roach x10  
  123  16:36  Roach x6  
  177  16:42  Ravager x2  
  177  16:43  Ravager x2  
  177  16:45  Roach  
  177  16:46  Roach x5  
  191  16:51  Lurker x5  
  191  16:52  Lurker  
  197  16:56  Ravager x2  
  147  17:31  Ravager  
  147  17:32  Ravager x8  
  156  17:38  Hydralisk x3  
  156  17:39  Hydralisk x6  
  128  18:05  Mutalisk x5  
  107  18:09  Zergling x16  
  107  18:10  Zergling x6  
  120  18:30  Hatchery  
  120  18:32  Overseer  
  118  18:55  Roach x7  
  132  18:56  Roach  
  134  19:06  Hatchery  
  123  19:25  Roach  
  123  19:26  Roach x8  
  123  19:27  Roach x6  
  153  19:34  Roach  
  116  20:23  Roach x3  
  116  20:24  Roach x8  
  116  20:25  Roach x7  
  116  20:26  Roach x7  
  116  20:27  Roach x2  
  167  20:31  Queen  
  167  20:41  Extractor  
  166  20:47  Ravager x10  
  166  20:48  Ravager  
  177  20:52  Ravager  
  177  20:54  Extractor  
  63  21:34  Roach x7  
  63  21:35  Roach x2  
  65  21:55  Ravager x2  
  65  21:57  Ravager  
  65  21:58  Ravager  
  65  22:01  Ravager  
  66  22:21  Roach x4  
  66  22:22  Roach x2  
  60  22:42  Ravager  
  49  22:51  Zergling x2  
  49  22:52  Zergling x18  
  49  22:53  Zergling x6  
  57  23:07  Spore Crawler  
  57  23:10  Spore Crawler  
  57  23:11  Spore Crawler  
  50  23:14  Hatchery  
  50  23:16  Ravager  
Show
View Real Time Build Order
Export as new Build Order

Gerwe Terran - Winner!

Build Orders: Mech 

Get SALT Encoding   

  12  0:00  SCV  
  13  0:12  SCV  
  14  0:17  Supply Depot  
  14  0:24  SCV  
  15  0:32  Refinery  
  15  0:39  SCV  
  16  0:45  Barracks  
  16  0:51  SCV  
  17  1:03  SCV  
  18  1:15  SCV  
  19  1:27  SCV  
  20  1:33  Marine  
  20  1:38  Command Center  
  21  1:40  SCV  
  22  1:52  Refinery  
  23  1:58  Orbital Command  
  22  2:05  Marine  
  23  2:10  Supply Depot  
  23  2:14  Supply Depot  
  23  2:24  Factory  
  23  2:33  SCV  
  24  2:40  Marine  
  25  2:52  SCV  
  25  2:54  Orbital Command  
  26  3:07  Marine  
  27  3:24  Factory Tech Lab  
  27  3:25  Starport  
  27  3:28  SCV  
  27  3:30  Command Center  
  28  3:38  SCV  
  28  3:40  SCV  
  30  3:48  Siege Tank  
  33  3:51  SCV  
  33  3:52  Barracks Reactor  
  33  3:53  SCV  
  35  4:01  Refinery  
  35  4:03  SCV  
  35  4:05  SCV  
  37  4:20  Siege Tank  
  37  4:22  Liberator x2  
  40  4:27  SCV x2, Engineering Bay  
  42  4:43  Orbital Command  
  48  4:46  SCV  
  48  4:47  SCV  
  48  4:49  Armory  
  50  4:58  SCV, Refinery  
  50  4:59  SCV  
  52  5:16  Siege Tank  
  52  5:17  Factory  
  52  5:18  SCV x3  
  52  5:21  Barracks Reactor  
  58  5:30  SCV x3  
  61  5:39  Orbital Command  
  61  5:43  Terran Vehicle Weapons Level 1  
  61  5:45  Factory  
  61  5:46  SCV x2  
  63  6:06  Armory  
  63  6:07  Viking x2  
  63  6:08  Missile Turret  
  63  6:09  Missile Turret  
  67  6:32  Hellbat  
  69  6:36  Factory  
  69  6:41  Supply Depot  
  69  6:42  Supply Depot  
  69  6:45  Liberator x2  
  69  6:48  Factory Tech Lab  
  69  6:49  SCV x3, Siege Tank, Hellbat  
  77  7:03  Hellbat  
  77  7:05  Supply Depot  
  77  7:06  SCV, Missile Turret  
  77  7:07  SCV x2, Supply Depot  
  88  7:11  Hellbat  
  90  7:18  SCV  
  91  7:26  Thor  
  91  7:27  Missile Turret  
  91  7:28  Hellbat x2  
  101  7:32  Supply Depot, Hellbat  
  101  7:33  Supply Depot  
  101  7:35  Terran Vehicle And Ship Armor Level 1  
  103  7:39  SCV  
  103  7:40  SCV x2  
  106  7:45  Missile Turret  
  106  7:48  Missile Turret  
  106  7:49  Hellbat  
  108  7:53  Thor  
  114  8:00  SCV x3  
  117  8:06  Refinery  
  117  8:09  Missile Turret  
  117  8:10  Refinery  
  117  8:21  Missile Turret  
  117  8:22  Thor  
  117  8:23  Hellbat  
  125  8:30  Supply Depot  
  127  8:34  Hellbat  
  127  8:36  Siege Tank  
  127  8:37  Missile Turret  
  127  8:38  SCV x2  
  127  8:39  SCV  
  133  8:42  Missile Turret  
  133  8:48  Command Center  
  133  8:53  Supply Depot  
  133  8:59  Command Center  
  133  9:01  Missile Turret  
  133  9:06  SCV x3  
  136  9:12  Terran Vehicle Weapons Level 2  
  136  9:24  Missile Turret  
  136  9:29  Factory Tech Lab, Factory  
  136  9:34  SCV x2  
  136  9:35  SCV  
  139  9:44  Terran Vehicle And Ship Armor Level 2  
  139  9:49  Supply Depot  
  139  9:52  Supply Depot  
  139  9:56  Thor  
  139  9:58  Hellbat x2  
  149  10:00  Thor  
  149  10:02  Planetary Fortress  
  155  10:07  Factory  
  155  10:12  Factory x2  
  155  10:13  Supply Depot, Liberator x2  
  155  10:16  Supply Depot  
  155  10:26  Factory Tech Lab  
  161  10:37  Supply Depot  
  161  10:39  Supply Depot  
  161  10:40  Starport  
  161  10:47  Thor  
  161  10:48  Thor  
  161  10:49  Hellbat x2  
  177  10:51  Siege Tank  
  180  11:11  Factory Tech Lab  
  180  11:12  Factory Tech Lab, Factory Reactor  
  180  11:23  Planetary Fortress  
  180  11:41  Command Center  
  180  11:49  Missile Turret x2  
  180  11:51  Missile Turret  
  180  11:53  Siege Tank x2, Refinery, Missile Turret  
  180  11:54  Siege Tank, Hellbat  
  189  11:55  Hellbat x3  
  197  12:02  Refinery  
  193  12:13  Terran Vehicle And Ship Armor Level 3, Terran Vehicle Weapons Level 3  
  193  12:14  Missile Turret  
  193  12:36  Starport Tech Lab  
  193  12:47  Liberator  
  193  12:52  Planetary Fortress  
  193  12:58  Missile Turret  
  193  13:01  Raven  
  198  13:05  Viking  
  198  13:06  Sensor Tower  
  200  13:19  Missile Turret  
  200  13:20  Command Center  
  200  13:21  Command Center  
  138  14:01  Siege Tank x4  
  138  14:02  Siege Tank  
  153  14:03  Hellbat x2  
  153  14:04  Hellbat x2  
  161  14:17  Liberator x2  
  161  14:25  Hellbat x4  
  161  14:30  Raven  
  171  14:33  Siege Tank x4  
  171  14:34  Siege Tank, Sensor Tower  
  192  14:50  Terran Ship Weapons Level 1  
  192  15:05  Siege Tank  
  195  15:26  Thor  
  176  16:15  Thor x2  
  176  16:16  Thor x2  
  186  16:57  Viking x3  
  181  17:36  Viking x2  
  181  17:37  Viking  
  187  17:46  Hellion, Hellbat x5  
  142  18:06  Viking  
  142  18:08  Hellion  
  138  18:22  Thor  
  138  18:23  Thor x4  
  138  18:25  Hellbat  
  138  18:26  Hellbat x3  
  176  18:31  Planetary Fortress  
  176  18:33  Planetary Fortress  
  176  18:47  Hellbat x4  
  184  19:06  Siege Tank x4  
  184  19:07  Siege Tank  
  184  19:08  Hellbat x2  
  198  20:02  Missile Turret  
  198  20:04  Missile Turret  
  184  20:09  Missile Turret x2  
  184  20:10  Missile Turret  
  184  20:12  Missile Turret x2  
  184  20:13  Missile Turret  
  172  20:14  Missile Turret x2  
  170  20:33  Thor  
  170  20:34  Thor x4  
  138  22:03  Liberator x3  
Tags
 
Add a new tag
Caveats
  • Supply blocks, unpowered buildings, or Contaminate may cause inaccurate times.
  • Supply counts are checked every 10 seconds.